 Dungeon Crawl Stone Soup version 0.28.0 (webtiles) character file.

Game seed: 6531764374094074040

10476 GordonOverkill the Fighter (level 11, -13/85 HPs)
             Began as a Djinni Gladiator on Feb 10, 2022.
             Was a High Priest of Makhleb.
             Killed from afar by a gargoyle (19 damage)
             ... with a stone arrow
             ... on level 11 of the Dungeon.
             The game lasted 00:47:20 (12928 turns).

GordonOverkill the Fighter (Djinni Gladiator)      Turns: 12928, Time: 00:47:21

Health: -13/85     AC: 23    Str: 23    XL:     11   Next: 93%
Gold:   477        EV:  4    Int:  9    God:    Makhleb [*****.] SH:  9 Dex: 16

rFire   + . .      SeeInvis .   a - +1 trident (venom)
rCold   . . .      Faith    .   H - +0 kite shield
rNeg    . . .      Spirit   .   k - +0 crystal plate armour
rPois   ∞          Reflect  .   c - +0 helmet
rElec   .          Harm     .   K - +0 cloak
rCorr   .          Rampage  .   J - +0 pair of gloves
Will    +....                   (boots unavailable)
Stlth   ..........              e - amulet of regeneration
HPRegen 1.04/turn               Q - +6 ring of strength
MPRegen 0.00/turn               D - ring of ice

@: mighty, flying
A: sickness immunity, fire resistance 2, cold vulnerability 1, float, innate
caster, HP casting, extra vitality 1
a: Renounce Religion, Minor Destruction, Lesser Servant of Makhleb, Major
Destruction, Greater Servant of Makhleb


You were on level 11 of the Dungeon.
You worshipped Makhleb.
Makhleb was extremely pleased with you.
You visited 1 branch of the dungeon, and saw 11 of its levels.

You collected 477 gold pieces.

Inventory:

Hand Weapons
 a - a +1 trident of venom (weapon)
 b - a +2 scimitar of flaming
Missiles
 q - 44 poisoned darts
 x - 8 boomerangs
 F - 7 curare-tipped darts
 M - 5 javelins (quivered)
Armour
 c - a +0 helmet (worn)
 k - a +0 crystal plate armour (worn)
 H - a +0 kite shield (worn)
 J - a +0 pair of gloves (worn)
 K - a +0 cloak (worn)
Jewellery
 e - an amulet of regeneration (around neck)
 g - the amulet of Gozag's Approval {-Tele rPois Regen+ Slay+4}
   (You found it on level 5 of the Dungeon)

   [amulet of regeneration]

   Slay:      It affects your accuracy & damage with ranged weapons and melee
   (+4).
   rPois:     It protects you from poison.
   -Tele:     It prevents most forms of teleportation.
   Regen:     It increases your rate of health regeneration.
 p - a ring of resist corrosion
 D - a ring of ice (right hand)
 Q - a +6 ring of strength (left hand)
Wands
 s - a wand of charming (7)
 z - a wand of flame (3)
 L - a wand of digging (13)
Scrolls
 h - a scroll of blinking
 i - 2 scrolls of brand weapon
 j - a scroll of fear {unknown}
 l - 7 scrolls of teleportation
 m - 3 scrolls of enchant weapon
 r - 3 scrolls of magic mapping
 u - 3 scrolls of fog
 y - 2 scrolls of amnesia
 C - a scroll of immolation {unknown}
 E - a scroll of silence {unknown}
 N - a scroll of enchant armour {unknown}
Potions
 d - a potion of mutation
 n - a potion of cancellation
 o - 2 potions of flight
 t - 4 potions of lignification
 v - 6 potions of curing
 A - a potion of haste
 I - 2 potions of resistance
 O - 3 potions of brilliance
 P - a potion of heal wounds
Miscellaneous
 G - a tin of tremorstones (inert)


   Skills:
 + Level 9.9 Fighting
 + Level 8.5 Polearms
 - Level 2.0 Throwing
 - Level 9.0 Armour
 - Level 3.2 Dodging
 + Level 4.5 Shields
 - Level 5.0 Invocations
 - Level 3.0 Evocations


You couldn't memorise any spells.
You knew the following spells:

 Your Spells              Type           Power      Damage    Failure   Level
a - Sandblast             Erth           0%         2d4       100%        1
b - Passwall              Tmut/Erth      0%         N/A       100%        2
c - Lesser Beckoning      Tloc           0%         N/A       100%        3
d - Dispel Undead         Necr           0%         3d6       100%        4
e - Lee's Rapid Deconstr  Erth           0%         3d5*      100%        5
Your spell library was empty.


Dungeon Overview and Level Annotations

Branches:
Dungeon (11/15)            Temple (0/1) D:6            Lair (0/6) D:11
    Orc: D:9-12

Altars:
Cheibriados
Hepliaklqana
Makhleb
Okawaru
Ru
Sif Muna
Uskayaw

Shops:
D:3 (   D:5 *   D:9 *

Annotations:
D:9 2 runed translucent doors


Innate Abilities, Weirdness & Mutations

You are immune to sickness and miasma.
You are immune to poison.
Your flesh is very heat resistant. (rF++)
You are vulnerable to cold. (rC-)
You float through the air rather than walking.
You learn spells naturally, not from books.
Your magical power is your life essence.
You have superior vitality. (+4 MHP)


Message History

The gargoyle is moderately damaged.
The gargoyle hurls a stone arrow at you.
The stone arrow misses you.
You hit the gargoyle but do no damage.
The gargoyle is moderately damaged.
The gargoyle hurls a stone arrow at you.
The stone arrow hits you.
You hit the gargoyle but do no damage.
The gargoyle is moderately damaged.
The gargoyle hits you but does no damage.
You hit the gargoyle but do no damage.
The gargoyle is moderately damaged.
The gargoyle hurls a stone arrow at you.
The stone arrow hits you but does no damage.
You hit the gargoyle but do no damage.
The gargoyle is moderately damaged.
You block the gargoyle's attack.
You hit the gargoyle.
The gargoyle is moderately damaged.
The gargoyle hits you with a +0 flail!!
* * * LOW HITPOINT WARNING * * *
You feel very mighty all of a sudden. The gargoyle hits you with a +0 flail.
* * * LOW HITPOINT WARNING * * *
You hit the gargoyle.
The gargoyle is heavily damaged.
The gargoyle hurls a stone arrow at you.
The stone arrow hits you!
* * * LOW HITPOINT WARNING * * *
You closely miss the gargoyle.
The gargoyle is heavily damaged.
The gargoyle hurls a stone arrow at you.
The stone arrow hits you!!
* * * LOW HITPOINT WARNING * * *
You hit the gargoyle but do no damage.
The gargoyle is heavily damaged.
The gargoyle hits you but does no damage.
The gargoyle hurls a stone arrow at you.
The stone arrow hits you!!
You die...

###### . #....# .#
#....# .### #....#
...# #.9..# ...#
#####.@..# ...#
######........#
...###........#....#
....[....######....#
....###### #....#
...## #....# ...#
####### ...# ....
...# ..888


You could see a gargoyle.

Vanquished Creatures
  A two-headed ogre (D:11)
  A manticore (D:11)
  A gargoyle (D:9)
  2 trolls
  3 hornets
  A shadow (D:10)
  2 vampires (D:10)
  A wyvern (D:8)
  6 yaks
  A basilisk (D:11)
  6 vampire mosquitoes
  Menkaure (D:7)
  3 water moccasins
  3 orc warriors
  A hornet zombie (D:6)
  2 ice beasts
  A necrophage (D:7)
  3 wolves
  6 ogres
  5 centaurs
  5 kobold brigands
  A bullfrog (D:8)
  3 scorpions
  10 killer bees
  20 wights
  An electric eel (D:11)
  10 hounds
  3 centaur zombies
  A bullfrog skeleton (D:6)
  6 gnoll shamans
  2 orc priests
  A centaur skeleton (D:4)
  A jelly (D:5)
  Crazy Yiuf (D:3)
  3 iguanas
  8 orc wizards
  A hound skeleton (D:4)
  2 howler monkey zombies (D:6)
  16 gnolls
  5 adders
  2 white imps
  An ufetubus (D:4)
  5 dart slugs
  35 orcs
  3 ball pythons
  7 endoplasms
  A giant cockroach (D:2)
  5 goblins
  5 hobgoblins
  5 jackals
  29 kobolds
  2 quokkas (D:4)
  5 bats (D:3)
  8 frilled lizards
  3 rats
266 creatures vanquished.

Vanquished Creatures (collateral kills)
  2 wights (D:7)
2 creatures vanquished.

Vanquished Creatures (others)
  6 fungi (D:7)
  6 plants
12 creatures vanquished.

Grand Total: 280 creatures vanquished

Notes
Turn   | Place    | Note
-------+----------+-------------------------------------------
     0 | D:1      | GordonOverkill the Djinni Gladiator began the quest for the
                  | Orb.
     0 | D:1      | Reached XP level 1. HP: 18/18 MP: 0/0
   256 | D:1      | Reached XP level 2. HP: 19/23 MP: 0/0
   859 | D:2      | Noticed a scorpion
   904 | D:1      | Reached XP level 3. HP: 29/29 MP: 0/0
   904 | D:1      | Learned a level 1 spell: Sandblast
  1134 | D:2      | Killed a scorpion
  1135 | D:2      | Reached skill level 1 in Armour
  1135 | D:2      | Reached XP level 4. HP: 33/35 MP: 0/0
  1135 | D:2      | Reached XP level 5. HP: 37/40 MP: 0/0
  1135 | D:2      | Learned a level 2 spell: Passwall
  2126 | D:3      | Found Nagemmoira's Antique Weapon Boutique.
  3050 | D:3      | Found a runed translucent door.
  3051 | D:3      | Noticed Crazy Yiuf
  3094 | D:3      | Found a faded altar of an unknown god.
  3097 | D:3      | Prayed at the altar of an unknown god.
  3097 | D:3      | Became a worshipper of Makhleb the Destroyer
  3097 | D:3      | Reached * piety under Makhleb
  3206 | D:3      | Reached XP level 6. HP: 46/46 MP: 0/0
  3978 | D:4      | Found a snail-covered altar of Cheibriados.
  4023 | D:4      | Reached skill level 1 in Invocations
  4033 | D:4      | HP: 2/47 [ufetubus (3)]
  4041 | D:4      | HP: 1/47 [ufetubus (3)]
  4918 | D:5      | Entered Level 5 of the Dungeon
  4962 | D:5      | Identified the amulet of Gozag's Approval {-Tele rPois
                  | Regen+ Slay+4}
  4973 | D:5      | Noticed a water moccasin
  4987 | D:5      | Killed a water moccasin
  4988 | D:5      | Reached XP level 7. HP: 49/52 MP: 0/0
  4988 | D:5      | Learned a level 3 spell: Lesser Beckoning
  5073 | D:5      | Reached ** piety under Makhleb
  5218 | D:5      | Reached XP level 8. HP: 58/58 MP: 0/0
  5452 | D:5      | Found Momenoip's Overcharged Wands.
  5459 | D:5      | Reached skill level 5 in Fighting
  5692 | D:6      | Found a staircase to the Ecumenical Temple.
  5802 | D:6      | Reached skill level 5 in Polearms
  6177 | D:7      | Reached *** piety under Makhleb
  6188 | D:7      | Reached XP level 9. HP: 66/66 MP: 0/0
  6188 | D:7      | Learned a level 4 spell: Dispel Undead
  6197 | D:7      | Reached skill level 5 in Armour
  6197 | D:7      | Reached skill level 1 in Evocations
  6958 | D:7      | Noticed Menkaure
  6981 | D:7      | Killed Menkaure
  6984 | D:7      | Noticed a hornet
  6989 | D:7      | Killed a hornet
  6990 | D:7      | Reached skill level 5 in Invocations
  7205 | D:6      | Reached XP level 10. HP: 67/73 MP: 0/0
  7846 | D:7      | Reached **** piety under Makhleb
  9175 | D:8      | Found an iron altar of Okawaru.
  9176 | D:8      | Found a burning altar of Makhleb.
  9669 | D:8      | Reached XP level 11. HP: 54/82 MP: 0/0
  9669 | D:8      | Learned a level 5 spell: Lee's Rapid Deconstruction
  9727 | D:9      | Found Muvigu's Merry Market.
  9873 | D:9      | Noticed a two-headed ogre
  9877 | D:9      | Found a large runed translucent door.
  9878 | D:9      | Found a large runed translucent door.
  9884 | D:9      | Noticed a centaur warrior
 10831 | D:3      | Killed Crazy Yiuf
 11026 | D:10     | Entered Level 10 of the Dungeon
 11126 | D:9      | Reached skill level 1 in Shields
 11199 | D:10     | Reached ***** piety under Makhleb
 11466 | D:10     | Found a hazy altar of Hepliaklqana.
 11467 | D:10     | Found a hide-covered altar of Uskayaw.
 11575 | D:10     | Found a sacrificial altar of Ru.
 12222 | D:11     | Noticed a two-headed ogre
 12230 | D:11     | Killed a two-headed ogre
 12605 | D:11     | Noticed a manticore
 12619 | D:11     | Killed a manticore
 12619 | D:11     | Noticed a four-headed hydra
 12717 | D:11     | Found a staircase to the Lair.
 12928 | D:11     | Killed from afar by a gargoyle

Illustrated notes

Levels and vault maps discovered:
D:1:      denvon_arrival_waterhouse, layout_rooms, minmay_strange_pillars
D:2:      layout_loops_cross, minmay_puff
D:3:      layout_basic, serial_shops, nicolae_shop_overgrown_old_shop,
          hellmonk_ecumenical_altar_inner_sanctum, minmay_misc_feat_tiny,
          kennysheep_cross_bottleneck, uniq_crazy_yiuf_cottage
D:4:      layout_basic, cheibriados_altar_1
D:5:      layout_rooms, nicolae_shop_overcharged_wands
D:6:      layout_rooms, minmay_temple_entry_stoned_glass
D:7:      kennysheep_seaside_town, layout_loops_ring, uniq_menkaure
D:8:      layout_gridville, chequers_temple_overflow_statue_of_worship,
          corner_web_ring, minmay_misc_feat_pillars
D:9:      okawaru_arena_lexackson, layout_layer_cave, roderic_lattice_a,
          nicolae_alphabet_shops
D:10:     layout_basic, nicolae_ru_the_path_less_chosen, minitemple,
          minmay_holes
D:11:     layout_rooms, erik_lair_island, hellmonk_bongcloud_opening

Skill      XL: |  1  2  3  4  5  6  7  8  9 10 11 |
---------------+----------------------------------+-----
Throwing       | 2 |  2.0
Fighting       | 3 4 5 6 8 9 |  9.9
Polearms       | 3 4 5 6 7 8 |  8.5
Armour         | 1 2 3 4 6 8 9 |  9.0
Invocations    | 1 2 4 5 |  5.0
Evocations     | 3 |  3.0
Shields        | 4 |  4.5
Dodging        | |  3.2

Action                   |  1- 3 |  4- 6 |  7- 9 | 10-12 || total
-------------------------+-------+-------+-------+-------++-------
Melee: Trident           |    51 |       |   187 |   544 ||   782
       Punch             |     1 |       |     1 |     4 ||     6
       Glaive            |     6 |   277 |    67 |       ||   350
 Fire: Hunting sling     |    13 |       |       |       ||    13
Throw: Throwing net      |     3 |     1 |       |       ||     4
       Dart              |       |       |     2 |     8 ||    10
       Boomerang         |       |       |    12 |     6 ||    18
       Javelin           |       |       |       |     5 ||     5
Invok: Minor Destruction |       |       |     3 |       ||     3
Evoke: Wand              |       |       |     2 |     9 ||    11
       Tin of tremorston |       |       |       |     2 ||     2
  Use: Potion            |       |     7 |     1 |     4 ||    12
       Scroll            |       |     6 |     4 |     7 ||    17
 Stab: Invisible         |       |       |       |     1 ||     1
Armor: Leather armour    |     9 |       |       |       ||     9
       Crystal plate arm |    21 |   408 |   173 |   452 ||  1054
       Ring mail         |     2 |       |       |       ||     2
       Skin              |       |       |     5 |       ||     5
Dodge: Dodged            |    11 |    10 |    17 |    78 ||   116
Block: Kite shield       |       |       |       |   126 ||   126
